 Dungeon Sprint DCSS version 0.17-a0-1625-g47e540b (webtiles) character file.

119 Kidiri the Covert (level 4, 0/21 HPs)
             Began as a Spriggan Enchanter on Aug 2, 2015.
             Slain by a shadow (10 damage)
             ... in the Dungeon (Sprint III: "The Ten Rune Challenge").
             The game lasted 00:03:21 (194 turns).

Kidiri the Covert (Spriggan Enchanter)               Turns: 194, Time: 00:03:21

Health: 0/21       AC:  5    Str:  4    XL:     4   Next: 74%
Magic:  2/12       EV: 21    Int: 16    God:
Gold:   26         SH:  0    Dex: 17    Spells: 5 memorised, 3 levels left

rFire  . . .     SeeInvis +     a - +1 dagger
rCold  . . .     Clarity  .     b - +1 robe
rNeg   . . .     SustAt   .     (shield restricted)
rPois  .         Gourm    .     (helmet restricted)
rElec  .         Spirit   .     (no cloak)
rCorr  .         Warding  .     (gloves unavailable)
rMut   .         NoTele   +     (boots unavailable)
MR     .....                    (no amulet)
Stlth  ++++++....               (no ring)
                                (no ring)

@: very quick, not resistant to hostile enchantments, very stealthy
A: unfitting armour, slimy green scales 1, camouflage 1, see invisible,
herbivore 3, speed 3, low mp 1, slow metabolism 2
a: no special abilities


You were in the Dungeon.
You were not hungry.

You visited 1 branch You collected 26 gold pieces.

Inventory:

Hand weapons
 a - a +1 dagger (weapon)
Armour
 b - a +1 robe (worn)
Scrolls
 j - a scroll of blinking
 l - a scroll of holy word
 p - a scroll of torment
 q - a scroll of remove curse {unknown}
Potions
 e - 2 potions of curing
 f - a potion of heal wounds
 g - 2 potions of haste
 h - 2 potions of magic
 i - a potion of berserk rage
 o - 2 potions of flight
 s - a potion of cure mutation
Books
 c - a book of Maledictions

   Spells                             Type                      Level
   a - Corona                         Hexes                        1
   b - Ensorcelled Hibernation        Hexes/Ice                    2
   c - Confuse                        Hexes                        3
   d - Tukima's Dance                 Hexes                        3
   e - Dazzling Spray                 Conjuration/Hexes            3
Comestibles
 d - a bread ration
 r - 2 fruits


   Skills:
 + Level 3.7 Short Blades
 + Level 5.5 Dodging
 * Level 8.7 Stealth
 * Level 6.2 Spellcasting
 + Level 1.1 Conjurations
 + Level 5.4 Hexes
 + Level 1.5 Ice Magic


You had 3 spell levels left.
You knew the following spells:

 Your Spells              Type           Power        Failure   Level  Hunger
a - Corona                Hex            ###....      1%          1    None
b - Ensorcelled Hibernat  Hex/Ice        ###...       6%          2    #......
c - Confuse               Hex            ###.....     4%          3    ##.....
d - Tukima's Dance        Hex            ###.....     4%          3    ##.....
e - Dazzling Spray        Conj/Hex       ###.....     12%         3    ##.....


Dungeon Overview and Level Annotations

Branches:
Dungeon (1/1)

Altars:


Innate Abilities, Weirdness & Mutations

You are tiny and cannot use many weapons and most armour.
You have supernaturally acute eyesight.
You are a herbivore.
You cover ground extremely quickly.
You need consume almost no food.
You are partially covered in slimy green scales (AC +2).
Your skin changes colour to match your surroundings (Stealth).
Your magical capacity is low (-10% MP).


Message History

Casting: Corona
Confirm with . or Enter, or press ? or * to list all spells.
Aiming: Corona
Press: ? - help, Shift-Dir - straight line, f/p - shadow
Aim: a shadow (severely damaged, chance to defeat MR: 44%)
The shadow is outlined in light.
You hit the shadow but do no damage.
The shadow is severely damaged.
The shadow misses you.
You hit the shadow but do no damage.
The shadow is severely damaged.
The shadow slips into darkness.
The shadow flickers and vanishes for a moment.
You hit the shadow but do no damage.
The shadow is severely damaged.
The shadow barely misses you.
You hit the shadow but do no damage.
The shadow is severely damaged.
The shadow hits you!
You die...

▓▓▓▓▓▓▓▓ ▓▓▓ <..#...#### ##.#
...#......#####..#
..##.......#.%#..#
##.##.##..%#?.#..###+#+###+##
##.##.###..##'#..#..........#
#.####.##..###..@W.⌠........#
.###..##..####...#...######'#
#.....##..###....#.⌠.# ..#
###..##)..##.....#...# ...#
##..##....#......#+### #...#
#..###..##.#.....# #..%+ #..#
#..#####....# +..J# ▓▓▓▓ ▓▓▓▓
▓▓▓▓▓▓ ▓▓▓▓▓


You could see a shadow (invisible).

Vanquished Creatures
  A water elemental (D)
  Jessica (D)
  A human (D)
  An ooze (D)
  A phantom (D)
  2 rats (D)
7 creatures vanquished.

Vanquished Creatures (others)
  A plant (D)
1 creature vanquished.

Grand Total: 8 creatures vanquished

Notes
Turn   | Place    | Note
--------------------------------------------------------------
     0 | D        | Kidiri the Spriggan Enchanter began the quest for the Orb.
     0 | D        | Reached XP level 1. HP: 9/9 MP: 5/5
    11 | D        | Reached skill level 5 in Stealth
    41 | D        | Noticed Jessica
    45 | D        | Killed Jessica
    45 | D        | Reached skill level 6 in Stealth
    45 | D        | Reached XP level 2. HP: 13/13 MP: 5/8
    45 | D        | Reached XP level 3. HP: 16/16 MP: 6/10
    49 | D        | Learned a level 2 spell: Ensorcelled Hibernation
    53 | D        | Learned a level 3 spell: Confuse
    57 | D        | Learned a level 3 spell: Tukima's Dance
   100 | D        | Reached skill level 7 in Stealth
   104 | D        | Reached skill level 5 in Spellcasting
   124 | D        | Gained mutation: You occasionally shout uncontrollably at your foes. [potion of mutation]
   124 | D        | Gained mutation: Your skin changes colour to match your surroundings (Stealth). [potion of mutation]
   124 | D        | Gained mutation: You are partially covered in slimy green scales (AC +2). [potion of mutation]
   125 | D        | Gained mutation: Your magical capacity is low (-10% MP). [potion of mutation]
   125 | D        | Gained mutation: Your magical capacity is very low (-20% MP). [potion of mutation]
   125 | D        | Gained mutation: Your mind is acute. (Int +2) [potion of mutation]
   126 | D        | Lost mutation: Your mind is acute. (Int +2) [potion of cure mutation]
   126 | D        | Lost mutation: You occasionally shout uncontrollably at your foes. [potion of cure mutation]
   126 | D        | Lost mutation: Your magical capacity is very low (-20% MP). [potion of cure mutation]
   136 | D        | Learned a level 3 spell: Dazzling Spray
   139 | D        | Noticed a water elemental
   142 | D        | Killed a water elemental
   142 | D        | Reached skill level 5 in Dodging
   142 | D        | Reached skill level 8 in Stealth
   142 | D        | Reached skill level 1 in Conjurations
   142 | D        | Reached skill level 5 in Hexes
   142 | D        | Reached skill level 1 in Ice Magic
   142 | D        | Reached XP level 4. HP: 21/21 MP: 10/12
   163 | D        | Noticed a jelly
   164 | D        | Noticed a shadow
   194 | D        | Slain by a shadow

Vault maps used:
D:        dungeon_sprint_mu

Action                   |  1- 3 |  4- 6 || total
-------------------------+-------+-------++-------
Melee: Dagger            |     7 |    11 ||    18
 Cast: Ensorcelled Hiber |     1 |     1 ||     2
       Dazzling Spray    |       |     3 ||     3
       Corona            |       |     2 ||     2
  Use: Scroll            |     4 |       ||     4
       Potion            |     3 |       ||     3
 Stab: Sleeping          |     7 |       ||     7
